Cogmind - Beta 11.1 *** ADVENTURER MODE // 2022.08.10 @ 21:13:43 Player: drchaos820 Result: Self-destructed Performance ------------- Evolutions (1) 500 Regions Visited (5) 1000 Robots Destroyed (32) 160 Value Destroyed (827) 827 Prototype IDs (1) 20 Alien Tech Used (0) 0 Bonus (-146) -146 TOTAL SCORE: 2361 Bonus ------- Follower Combat Kills 37 Met Imprinter 300 Was Imprinted 300 Friendly Fire -783 Cogmind --------- Core Integrity 91/400 Matter 300/300 Energy 100/100 System Corruption 0% Temperature Warm (139) Movement Core (200) Ox3 Location -6/Proximity Caves Parts ------- > --- POWER (1) -------- (None) > --- PROPULSION (2) --- (None) > --- UTILITY (3) ------ Medium Storage Unit > --- WEAPON (3) ------- (None) > --- INVENTORY (10) --- Improved Heat Sink Small Storage Unit Visual Processing Unit Light Armor Plating Hacking Drone Bay Grenade Launcher Peak State ------------ > --- POWER ------------ Angular Momentum Engine > --- PROPULSION ------- Aluminum Leg Carbon-fiber Leg > --- UTILITY ---------- Disposable Heat Sink Disposable Heat Sink Medium Storage Unit > --- WEAPON ----------- Particle Gun Spread Laser Rocket Array > --- INVENTORY -------- Light Ion Engine Improved Heat Sink Small Storage Unit Visual Processing Unit Light Armor Plating Hacking Drone Bay Medium Laser Particle Cannon Improved Light Cannon Grenade Launcher [Rating: 25] Favorites ----------- Power Ion Engine Engine Ion Engine Propulsion Aluminum Leg Leg Aluminum Leg Utility Disposable Heat Sink Device Disposable Heat Sink Storage Medium Storage Unit Weapon Spread Laser Energy Gun Spread Laser Energy Cannon Particle Cannon Ballistic Cannon Improved Light Cannon Launcher Rocket Array Build | -11 -10 -9 -9 -7 -6 ------- Run | Scr Mat Mat Min Zio Pro Slots Evolved 2 | . . 2 . . . Power . | . . . . . . Propulsion . | . . . . . . Utility 1 | . . 1 . . . Weapon 1 | . . 1 . . . Parts Attached 19 | 6 4 2 . 1 6 Power 3 | 1 . . . . 2 Engine 3 | 1 . . . . 2 Core . | . . . . . . Reactor . | . . . . . . Propulsion 3 | 2 . . . . 1 Treads . | . . . . . . Leg 3 | 2 . . . . 1 Wheel . | . . . . . . Hover . | . . . . . . Flight . | . . . . . . Utility 4 | 1 2 1 . . . Device 2 | . 1 1 . . . Storage 2 | 1 1 . . . . Processor . | . . . . . . Hackware . | . . . . . . Protection . | . . . . . . Artifact . | . . . . . . Weapon 9 | 2 2 1 . 1 3 Energy Gun 6 | 2 2 1 . . 1 Energy Cannon 1 | . . . . . 1 Ballistic Gun . | . . . . . . Ballistic Cannon 1 | . . . . . 1 Launcher 1 | . . . . 1 . Special Weapon . | . . . . . . Impact Weapon . | . . . . . . Slashing Weapon . | . . . . . . Piercing Weapon . | . . . . . . Special Melee Weapon . | . . . . . . Unidentified Prototypes 1 | . . . . 1 . Parts Lost 11 | . . . . . 11 Power 2 | . . . . . 2 Propulsion 2 | . . . . . 2 Utility 1 | . . . . . 1 Weapon 6 | . . . . . 6 Highest Loss Streak 11 | . . . . . 11 To Critical Strikes . | . . . . . . Average Slot Usage (%) 99 | . 97 100 100 100 93 Engine 11 | . 14 11 11 11 10 Leg 22 | . 28 22 22 22 20 Device 20 | . 11 22 22 22 20 Storage 11 | . 14 11 11 11 11 Energy Gun 27 | . 28 33 33 25 19 Launcher 4 | . . . . 7 9 Naked Turns . | . . . . . . Heaviest Build 38 | 14 22 26 26 30 38 Greatest Support 25 | 20 20 20 20 20 25 Greatest Overweight (x) 5 | . 1 1 1 1 5 Average Overweight (x) . | . . 1 1 1 1 Largest Inventory Capacity 10 | 8 10 10 10 10 10 Average Capacity 9 | 6 8 10 10 10 10 Most Carried 10 | 1 10 10 10 10 10 Average Carried 9 | . 6 9 10 9 9 Final Capacity 10 | 8 10 10 10 10 10 Final Carried 10 | 1 10 10 10 10 6 Class Distribution -------------------- 86% | Gunner 13% | Mutant Dominant Class ---------------- Mutant | -10/Materials Gunner | -9/Materials Gunner | -9/Mines Gunner | -7/Zion Gunner | -6/Proximity Caves Resources | -11 -10 -9 -9 -7 -6 ----------- Run | Scr Mat Mat Min Zio Pro Matter Collected 447 | 226 10 84 . 10 117 Remotely . | . . . . . . Salvage Created 975 | . 85 385 145 . 360 Parts 59 | . 6 31 14 . 8 Haulers Intercepted 1 | . . 1 . . . Recyclers Shooed 1 | . 1 . . . . Parts Field Recycled . | . . . . . . Retrieved Matter . | . . . . . . Parts Self-Destructed 10 | . . . . . 10 Prevented . | . . . . . . Kills | -11 -10 -9 -9 -7 -6 ------- Run | Scr Mat Mat Min Zio Pro Combat Hostiles Destroyed 23 | . 2 10 7 . 4 Guns 20 | . 2 10 7 . 1 Cannons 2 | . . . . . 2 AOE 1 | . . . . . 1 Classes Destroyed 11 | . 2 5 2 . 2 Worker 1 | . . 1 . . . Tunneler 1 | . . . 1 . . Hauler 1 | . . 1 . . . Watcher 2 | . 1 1 . . . Swarmer 7 | . . 2 5 . . Grunt 12 | . 2 6 1 . 3 Brawler 1 | . . 1 . . . Duelist 1 | . . . 1 . . Sentry 1 | . . 1 . . . Behemoth 1 | . . . . . 1 Butcher 1 | . . . . . 1 Mutant 3 | . . . . . 3 Best Kill Streak 5 | . 2 4 5 . 3 Combat Bots Only 5 | . 2 4 5 . 3 Max Kills in Single Turn 3 | . 1 2 2 . 3 Gunslinging 1 | . . . 1 . . Exploded 1 | . . . . . 1 Melee . | . . . . . . Uniques/NPCs Destroyed . | . . . . . . Combat | -11 -10 -9 -9 -7 -6 -------- Run | Scr Mat Mat Min Zio Pro Damage Taken 1454 | . 48 193 133 . 1080 Core 340 | . 31 25 25 . 259 Absorbed by Shields . | . . . . . . Core Remaining (%) 93 | 100 87 . . . . Volleys Fired 49 | . 8 18 11 . 12 Largest 3 | . 2 3 3 . 3 Hottest 195 | . 130 195 195 . 157 Shots Fired 115 | . 16 52 27 . 20 Gun 106 | . 16 52 27 . 11 Cannon 6 | . . . . . 6 Launcher 3 | . . . . . 3 Special . | . . . . . . Kinetic 3 | . . . . . 3 Thermal 109 | . 16 52 27 . 14 Explosive 3 | . . . . . 3 Electromagnetic . | . . . . . . Robot Hit Streak 30 | . 9 30 13 . 19 Robot Miss Streak 5 | . 5 3 4 . 2 Penetration Max . | . . . . . . Secondary Targets 4 | . . 2 2 . . Max Gunslinging Chain 1 | . . 1 1 . . Shots Hit Robots 88 | . 15 36 21 . 16 Core Hits 116 | . 19 42 22 . 33 Critical Kills . | . . . . . . Critical Parts Destroyed . | . . . . . . Critical Strikes 1 | . . . 1 . . Burn 1 | . . . 1 . . Melee Attacks . | . . . . . . Impact . | . . . . . . Slashing . | . . . . . . Piercing . | . . . . . . Sneak Attacks . | . . . . . . Combat Hostiles . | . . . . . . Follow-up Attacks . | . . . . . . Damage Inflicted 2019 | . 166 661 270 . 922 Guns 1268 | . 166 661 270 . 171 Cannons 85 | . . . . . 85 Explosions 666 | . . . . . 666 Melee . | . . . . . . Ramming . | . . . . . . Kinetic 22 | . . . . . 22 Thermal 1331 | . 166 661 270 . 234 Explosive 666 | . . . . . 666 Electromagnetic . | . . . . . . Impact . | . . . . . . Slashing . | . . . . . . Piercing . | . . . . . . Highest Corruption . | . . . . . . Average Corruption . | . . . . . . Corruption Purged . | . . . . . . Corruption Blocked . | . . . . . . Overload Shots . | . . . . . . Overflow Damage . | . . . . . . Projectiles . | . . . . . . Explosions . | . . . . . . Melee . | . . . . . . Knockbacks . | . . . . . . Impact . | . . . . . . Kinetic . | . . . . . . Secondary . | . . . . . . Self-Inflicted Damage 49 | . . . . . 49 Shots 3 | . . . . . 3 Rammed . | . . . . . . Targets Rammed . | . . . . . . Kicked . | . . . . . . Crushed . | . . . . . . Highest Temperature 270 | . 189 198 199 . 270 Average Temperature 106 | . 79 111 91 . 156 Received Heat Transfer 393 | . 36 120 18 . 219 Siege Activations . | . . . . . . Robots Corrupted . | . . . . . . Combat Hostiles . | . . . . . . Parts Fried . | . . . . . . Impact Corruptions . | . . . . . . Robots Melted . | . . . . . . Combat Hostiles . | . . . . . . Parts Melted 1 | . 1 . . . . Heat Transferred 2264 | . 237 1102 543 . 382 Parts Sabotaged . | . . . . . . Parts Stolen . | . . . . . . Parts Stripped . | . . . . . . Power Chain Reactions . | . . . . . . Missiles Intercepted . | . . . . . . Alert | -11 -10 -9 -9 -7 -6 ------- Run | Scr Mat Mat Min Zio Pro Peak Influence 314 | . 102 314 207 . . Initial 37 | . . . 37 . . Average 110 | . 39 166 121 . . Maximum Alert Level 1 | . . 1 1 . . Low Security (%) 67 | 100 100 51 54 . . Level 1 32 | . . 48 45 . . Level 2 . | . . . . . . Level 3 . | . . . . . . Level 4 . | . . . . . . Level 5 . | . . . . . . High Security . | . . . . . . Max Security . | . . . . . . Squads Dispatched 2 | . . 1 . . 1 Investigation . | . . . . . . Extermination . | . . . . . . Reinforcement 1 | . . 1 . . . Assault 1 | . . . . . 1 Garrison . | . . . . . . Intercept . | . . . . . . Searches Triggered . | . . . . . . Construction Impeded . | . . . . . . Haulers Reinforced . | . . . . . . Active Scanning Responses . | . . . . . . Cargo Convoy Interrupts . | . . . . . . Stealth | -11 -10 -9 -9 -7 -6 --------- Run | Scr Mat Mat Min Zio Pro Distress Signals 1 | . . 1 . . . Communications Jammed . | . . . . . . Distress Signals . | . . . . . . Times Spotted 42 | . 4 18 9 . 11 Peak Tracking Total 10 | . 2 6 4 . 10 Tactical Retreats 2 | . . 2 . . . Traps | -11 -10 -9 -9 -7 -6 ------- Run | Scr Mat Mat Min Zio Pro Traps Triggered . | . . . . . . Indirectly . | . . . . . . Trap Hack Attempts . | . . . . . . Triggered . | . . . . . . Disarmed . | . . . . . . Reprogrammed . | . . . . . . Reused . | . . . . . . Traps Extracted . | . . . . . . Installed . | . . . . . . Triggered . | . . . . . . Machines | -11 -10 -9 -9 -7 -6 ---------- Run | Scr Mat Mat Min Zio Pro Machines Disabled . | . . . . . . Max in Single Turn . | . . . . . . Machines Sabotaged . | . . . . . . Garrisons Compromised . | . . . . . . Overloaded Fab Kills . | . . . . . . Hacking | -11 -10 -9 -9 -7 -6 --------- Run | Scr Mat Mat Min Zio Pro Machines Accessed 1 | . . 1 . . . Terminals 1 | . . 1 . . . Fabricators . | . . . . . . Repair Stations . | . . . . . . Recycling Units . | . . . . . . Scanalyzers . | . . . . . . Garrison Access . | . . . . . . Total Hacks 1 | . . 1 . . . Successful 1 | . . 1 . . . Failed . | . . . . . . Catastrophic . | . . . . . . Database Lockouts . | . . . . . . Manual . | . . . . . . Terminals 1 | . . 1 . . . Fabricators . | . . . . . . Repair Stations . | . . . . . . Recycling Units . | . . . . . . Scanalyzers . | . . . . . . Garrison Access . | . . . . . . Terminal Hacks 1 | . . 1 . . . Record 1 | . . 1 . . . Fabricator Hacks . | . . . . . . Repair Station Hacks . | . . . . . . Recycling Unit Hacks . | . . . . . . Scanalyzer . | . . . . . . Garrison Access Hacks . | . . . . . . Unauthorized Hacks . | . . . . . . Terminals . | . . . . . . Fabricators . | . . . . . . Repair Stations . | . . . . . . Recycling Units . | . . . . . . Scanalyzers . | . . . . . . Garrison Access . | . . . . . . Data Cores Recovered . | . . . . . . Used . | . . . . . . Hacking Detections . | . . . . . . Full Trace Events . | . . . . . . Feedback Events . | . . . . . . Feedback Blocked . | . . . . . . Robot Schematics Acquired 3 | . . . . 3 . Robots Built . | . . . . . . Authchips . | . . . . . . Time . | . . . . . . Total Robot Build Rating . | . . . . . . Part Schematics Acquired 15 | . . . . 15 . Parts Built . | . . . . . . Authchips . | . . . . . . Time . | . . . . . . Total Part Build Rating . | . . . . . . Parts Repaired . | . . . . . . Time . | . . . . . . Parts Recycled . | . . . . . . Recycled Matter . | . . . . . . Retrieved Matter . | . . . . . . Retrieved Components . | . . . . . . Parts Scanalyzed . | . . . . . . Part Schematics Acquired . | . . . . . . Parts Damaged . | . . . . . . Bothacking | -11 -10 -9 -9 -7 -6 ------------ Run | Scr Mat Mat Min Zio Pro Used RIF Installer . | . . . . . . Robots Hacked . | . . . . . . Non-combat . | . . . . . . Combat . | . . . . . . Robot Hacks Applied . | . . . . . . Relay Couplers Released . | . . . . . . Fabnet Peak Effective % . | . . . . . . Robots Rewired . | . . . . . . Allies Hacked . | . . . . . . Hacks Repelled . | . . . . . . Allies | -11 -10 -9 -9 -7 -6 -------- Run | Scr Mat Mat Min Zio Pro Total Allies 6 | . . . . 6 . Largest Group 6 | . . . . 6 6 Highest-Rated Group 208 | . . . . 208 208 Highest-Rated Ally 41 | . . . . 41 41 Total Orders . | . . . . . . Ally Attacks 12 | . . . . . 12 Total Damage 552 | . . . . . 552 Kills 2 | . . . . . 2 Allies Corrupted . | . . . . . . Allies Melted . | . . . . . . Intel | -11 -10 -9 -9 -7 -6 ------- Run | Scr Mat Mat Min Zio Pro Robot Analysis Total . | . . . . . . Derelict Logs Recovered 3 | . . . 1 2 . Drone Launches . | . . . . . . Drone Recoveries . | . . . . . . Exploration | -11 -10 -9 -9 -7 -6 ------------- Run | Scr Mat Mat Min Zio Pro Turns Passed 3780 | 78 405 547 555 2022 173 Spaces Moved 1965 | 61 255 243 274 1063 69 Core 9 | 7 . . . . 2 Treads . | . . . . . . Legs 1956 | 54 255 243 274 1063 67 Wheels . | . . . . . . Hover . | . . . . . . Flight . | . . . . . . Fastest Speed 50 | 50 120 190 190 190 190 Average Speed 181 | 111 145 190 190 190 191 Slowest Speed 300 | 120 190 190 190 190 300 Overloaded Moves . | . . . . . . Propulsion Burnouts . | . . . . . . Robots Hopped . | . . . . . . Cave-ins Triggered . | . . . . . . Exploration Rate (%) 34 | 3 35 25 48 86 12 Regions Visited 5 Branch Regions 3 Pre-discovered Areas 3 | . . . 1 2 . Known Exits Taken . | . . . . . . Unknown Exits Taken 5 | 1 1 1 1 1 . Scrap Searched 4 | . . . 1 3 . Spaces Dug . | . . . . . . Terrain Destroyed 29 | . . . . . 29 Melee . | . . . . . . Projectile . | . . . . . . AOE 29 | . . . . . 29 Terrain Rammed . | . . . . . . Walls Destroyed . | . . . . . . Machines Disabled . | . . . . . . Actions | -11 -10 -9 -9 -7 -6 --------- Run | Scr Mat Mat Min Zio Pro Total 2072 | 67 272 290 288 1066 89 Wait 28 | . . 24 4 . . Move 1960 | 60 254 242 273 1062 69 Hop . | . . . . . . Pick Up 11 | 1 6 3 . 1 . Fast Attach 8 | 6 1 . . 1 . Attach 6 | . . 2 . . 4 Detach . | . . . . . . Swap 5 | . 3 . . . 2 Drop 5 | . . 1 . 2 2 Fire 49 | . 8 18 11 . 12 Melee . | . . . . . . Ram . | . . . . . . Kick . | . . . . . . Crush . | . . . . . . Escape Stasis . | . . . . . . Rewire . | . . . . . . Trap . | . . . . . . Miscellaneous . | . . . . . . Route ------- -11/Scrapyard -10/Materials -9/Materials -9/Mines (discovered 2 exits: [*Mat] / *Zio) -7/Zion -6/Proximity Caves History --------- Turn | Location | Event 4 | -11/Scrapyard | Discovered new exit (range 15) 79 | -11/Scrapyard | Entered Materials 317 | -10/Materials | Build established: Mutant 417 | -10/Materials | Discovered new exit (range 9) 484 | -10/Materials | Entered another Materials area 484 | -9/Materials | Evolved 2 slots: Utility x1, Weapon x1 772 | -9/Materials | Build established: Gunner 999 | -9/Materials | Discovered new exit (range 14) 1031 | -9/Materials | Entered Mines 1041 | -9/Mines | Learned location of Zion (-7) 1081 | -9/Mines | Found a hidden stash of uninstalled traps 1088 | -9/Mines | Met a Derelict bent on vengeance 1283 | -9/Mines | Discovered new exit (range 5) 1580 | -9/Mines | A Derelict revealed a hidden shortcut to a safe place 1586 | -9/Mines | Entered Zion 1771 | -7/Zion | Learned Factory interactive machine intel 1775 | -7/Zion | Given A8's code to call for help 1915 | -7/Zion | Learned location of Recycling (-7) 2115 | -7/Zion | Learned Factory terminal intel 2185 | -7/Zion | Gained Derelict followers 2315 | -7/Zion | Found Prototype Launcher 2315 | -7/Zion | Identified Rocket Array 2607 | -7/Zion | Learned location of Warlord (-5) 2645 | -7/Zion | Given the Hacking Drone Bay 2649 | -7/Zion | Found Prototype Device 3051 | -7/Zion | Imprinted 3053 | -7/Zion | Declared Zion's savior 3583 | -7/Zion | Discovered new exit (range 10) 3608 | -7/Zion | Entered Proximity Caves 3608 | -6/Proximity Caves | Accompanied by 6 allies 3633 | -6/Proximity Caves | Spotted B-75 Beast 3652 | -6/Proximity Caves | Destroyed B-75 Beast 3743 | -6/Proximity Caves | Attracted the attention of an 0b10 outpost 3772 | -6/Proximity Caves | Core integrity fell below 50% 3781 | -6/Proximity Caves | Self-destructed Last Messages --------------- 03769_ G-50 Soldier destroyed. 03770_ Acquired 4 matter. 03770_ Aluminum Leg destroyed. 03770_ Penetrated by Slug. 03771_ Carbon-fiber Leg fries itself beyond repair. 03772_ Disposable Heat Sink melts away. 03772_ G-67 Veteran destroyed. 03773_ Acquired 4 matter. 03773_ Lgt. Angular Momentum Engine fries itself beyond repair. 03773_ Particle Cannon destroyed. 03774_ Penetrated by Slug. 03774_ Med. Laser destroyed. 03777_ Adv. Heat Sink fries itself beyond repair. 03777_ Penetrated by Slug. 03777_ Lgt. Ion Engine destroyed. 03777_ Penetrated by Slug. 03777_ Imp. Light Cannon destroyed. 03780_ Adv. Heat Sink fries itself beyond repair. 03780_ Flexi-carbon Leg fries itself beyond repair. 03780_ Penetrated by Slug. Map ----- +----------------------------------------------------+ | ?????????????????????????????????????????????????? | | ?????????????????????????????????????????????????? | | ?????????????????????????????????????????????????? | | ?????????????????????????????????????????????????? | | ?????????????????????????????????????????????????? | | ?????????????????????????????????????????????????? | | ?????????????????????????????????????????????????? | | ?????????????????????????????????????????????????? | | ?????????????????????????????????????????????????? | | ?????????????????????????????????????????????????? | | ?????????????????????????????????????????????????? | | ?????????????? ????????????????????????????????? | | ??????????????# ????????????????????????????????? | | ??????????????# ?????????????????? ????????????? | | ??????????????# #???????????????? ???????????? | | ??????????????? #??????????????? ????????????? | | ??????????????? ##?????????????? ?????????????? | | ??????????????? ##???????????? ??????????????? | | ???????????????# #?????##????# #??????????????? | | ???????????????# #???? #???# #??????????????? | | ??###??????????# #### ???? #??????????????? | | ###"######????## ???? #???? #???????? | | ##???# ?????? ## #????????? | | ##??# #??????? #???????????? | | #### ######### s% Y #???????????? | | ## h @*%% #?????????????????? | | = #### =%%% #?????????????????? | | #??# ##### #######! #?????????????????? | | * #??# ##???# #?????# #????????????????? | | ! % ##??###????## #?????## #????????????????? | | ##???????????# ??????## #????????????????? | | #???????????# #??????? ???????????????? | | #???????????####??????? #?????????????? | | ## ###?????????????????????? #?????????????? | | ####???????????????????????? #?????????????? | | #???????????????????????????#### ?????????????? | | ???????????????????????????????# ##????????????? | | ???????????????????????????????? #?????????????? | | ???????????????????????????????? ??????????????? | | ???????????????????????????????????????????????? | | # ???????????????????????????????????????????????? | | ###??????????????????????????????????????????????? | | #????????????????????????????????????????????????? | | ?????????????????????????????????????????????????? | | ?????????????????????????????????????????????????? | | ?????????????????????????????????????????????????? | | ?????????????????????????????????????????????????? | | ?????????????????????????????????????????????????? | | ?????????????????????????????????????????????????? | | ?????????????????????????????????????????????????? | +----------------------------------------------------+ Best States ------------- Heat Dissipation 28 Coolant Potential 100 Energy Generation 18 Energy Capacity 300 Matter Stores 300 Matter Capacity 300 Sight Range 16 Terrain Scan Density 10 Resistance: KI 20 Resistance: TH 20 Resistance: EX 20 Resistance: EM 20 Resistance: I 20 Resistance: S 20 Resistance: P 20 Evasion (%) 55 Offensive Hacking 10 Item Schematics ----------------- Med. Reactive Plating | -7/Zion | Archive Thermic Laser | -7/Zion | Archive Spear | -7/Zion | Archive EM Disruption Field | -7/Zion | Archive Adv. ECM Suite | -7/Zion | Archive Nuclear Pulse Thruster | -7/Zion | Archive Gravmag System | -7/Zion | Archive Imp. Transmission Jammer | -7/Zion | Archive Imp. Corruption Screen | -7/Zion | Archive Great Axe | -7/Zion | Archive Adv. Sensor Array | -7/Zion | Archive Adv. Terrain Scan Processor | -7/Zion | Archive Focal Shield | -7/Zion | Archive Hyp. Gauss Rifle | -7/Zion | Archive Microactuators | -7/Zion | Archive Robot Schematics ------------------ R-06 Scavenger | -7/Zion | Archive Y-45 Defender | -7/Zion | Archive W-25 Informer | -7/Zion | Archive Fabricated ------------ Nothing Alien Tech Used ----------------- None Achievements -------------- None Challenges ------------ None Game ------ Seed MiningFlakSheargun Manual? 0 Play Time 00:17:35 Cumulative 15.3 hours Start 2022.08.07 @ 15:57:07 End 2022.08.10 @ 21:13:43 Sessions 3 Manual Loads 0 Difficulty Adventurer Special Mode None Game No. 21 Rogue 10 Adventurer 11 Explorer 0 Win Type - Total 1 Types 1/0/0/0/0/0/0/0/0 Lore% 40 Gallery% 34 Achievement% 37 Wizard Run 0 Options --------- ASCII 0 Keyboard 0 Movement Arrows Keybinds 0 Fullscreen 1 Font 18/X11Bold Map View 76x50 Tactical HUD 1 Map Filters NONE Filters NONE Steam 1 RUN: 6352e65b-f0b2-460f-8dc8-d5efdb28f590